Map: Interloper LE

Players

Creature

  • Race: Protoss Protoss
  • Spawn Location: 11:00

HuShang - Winner!

  • Race: Protoss Protoss
  • Spawn Location: 5:00

Event: WCS Montreal 2017

VOD

Have the link to the VOD?

Description

Time

  • Played on: Sept. 8, 2017, 1:43 p.m.
  • Length: 11:08

All games in this series

Show
View Real Time Build Order
Export as new Build Order

Creature Protoss 

Build Orders: Chargelot Immortal 

Get SALT Encoding   

  12  0:01  Probe (Chrono Boost)  
  13  0:11  Probe (Chrono Boost)  
  14  0:18  Pylon  
  14  0:22  Probe (Chrono Boost)  
  15  0:36  Probe (Chrono Boost)  
  15  0:37  Gateway  
  16  0:47  Probe (Chrono Boost)  
  16  0:48  Assimilator  
  17  0:52  Assimilator  
  17  0:57  Probe (Chrono Boost)  
  18  1:07  Gateway  
  18  1:09  Probe (Chrono Boost)  
  19  1:19  Probe (Chrono Boost)  
  19  1:25  Cybernetics Core  
  20  1:30  Probe (Chrono Boost)  
  20  1:31  Pylon  
  21  1:40  Probe (Chrono Boost)  
  22  1:51  Probe (Chrono Boost)  
  23  2:01  Warp Gate (Chrono Boost)  
  23  2:02  Stalker  
  23  2:06  Pylon  
  27  2:12  Mothership Core (Chrono Boost)  
  29  2:33  Nexus  
  29  2:34  Sentry  
  29  2:38  Pylon  
  29  2:45  Stalker  
  29  2:49  Probe  
  32  3:01  Probe  
  35  3:11  Twilight Council  
  35  3:13  Probe  
  36  3:25  Probe (Chrono Boost)  
  36  3:26  Robotics Facility  
  35  3:37  Probe (Chrono Boost)  
  36  3:45  Probe (Chrono Boost)  
  36  3:47  Probe (Chrono Boost)  
  38  3:56  Probe (Chrono Boost)  
  38  3:58  Probe (Chrono Boost), Sentry  
  42  4:06  Probe (Chrono Boost)  
  42  4:08  Probe (Chrono Boost)  
  44  4:14  Stalker  
  47  4:17  Probe (Chrono Boost)  
  47  4:19  Probe (Chrono Boost)  
  48  4:25  Immortal (Chrono Boost)  
  48  4:28  Pylon  
  48  4:30  Stalker  
  52  4:39  Stalker  
  52  4:43  Gateway  
  52  4:45  Gateway  
  54  4:46  Probe  
  54  4:47  Probe  
  54  5:01  Stalker, Immortal (Chrono Boost)  
  58  5:08  Probe  
  58  5:09  Probe  
  58  5:13  Stalker  
  62  5:19  Assimilator x2  
  62  5:20  Blink (Chrono Boost)  
  62  5:21  Probe  
  62  5:22  Probe  
  62  5:25  Adept  
  66  5:28  Pylon  
  66  5:32  Probe  
  66  5:33  Probe, Pylon  
  68  5:37  Observer (Chrono Boost)  
  69  5:43  Probe  
  69  5:49  Adept  
  72  5:51  Probe  
  72  5:56  Forge  
  73  5:58  Nexus  
  73  6:01  Pylon  
  73  6:05  Pylon  
  73  6:07  Probe, Observer  
  75  6:13  Probe  
  76  6:20  Probe  
  77  6:26  Probe  
  77  6:28  Gateway  
  77  6:29  Immortal, Pylon  
  77  6:31  Gateway  
  77  6:32  Probe  
  81  6:36  Sentry  
  81  6:37  Probe  
  82  6:40  Templar Archives  
  82  6:45  Photon Cannon  
  82  6:48  Protoss Ground Weapons Level 1 (Chrono Boost)  
  82  6:52  Probe x2  
  84  6:56  Adept  
  86  7:04  Stalker x2  
  86  7:05  Stalker  
  86  7:07  Immortal  
  94  7:17  Sentry  
  94  7:18  Probe  
  94  7:19  Probe, Charge  
  98  7:28  Zealot  
  98  7:29  Zealot x2  
  94  7:38  Zealot x2  
  94  7:43  Adept  
  84  7:46  Immortal  
  84  7:48  Adept  
  84  7:49  Adept x2  
  80  8:00  Zealot x2  
  70  8:10  Adept  
  70  8:11  Zealot, Adept x2  
  71  8:14  Mothership Core  
  69  8:23  Adept x2  
  69  8:24  Immortal  
  73  8:29  Probe  
  73  8:32  Zealot  
  80  8:35  Zealot  
  82  8:43  Zealot x2  
  82  8:48  Zealot  
  82  8:57  Adept x2  
  82  8:58  Adept  
  78  9:05  Zealot  
  78  9:06  Zealot  
  76  9:14  Zealot  
  62  9:20  Zealot x3  
  60  9:26  Zealot  
  60  9:27  Zealot  
  59  9:36  Zealot  
  61  9:41  High Templar x2  
  61  9:42  Zealot  
  61  9:44  Mothership Core  
  61  9:45  Archon  
  69  9:48  Sentry x2  
  69  9:57  Zealot  
  71  10:05  Zealot  
  71  10:06  Probe  
  74  10:09  High Templar x2  
  74  10:13  Archon  
  78  10:15  Zealot x2  
  78  10:17  Probe  
  78  10:19  Immortal  
  87  10:25  Zealot  
  89  10:37  Zealot x3  
  89  10:38  Zealot  
  89  10:41  Zealot  
  81  10:47  Zealot  
  45  10:59  Zealot x3  
  45  11:03  Zealot x2  
Show
View Real Time Build Order
Export as new Build Order

HuShang Protoss - Winner!

Build Orders: Zealot Archon 

Get SALT Encoding   

  12  0:01  Probe (Chrono Boost)  
  13  0:11  Probe (Chrono Boost)  
  14  0:18  Pylon  
  14  0:22  Probe (Chrono Boost)  
  15  0:36  Probe (Chrono Boost)  
  15  0:37  Gateway  
  16  0:44  Assimilator  
  16  0:47  Probe (Chrono Boost)  
  17  0:51  Assimilator  
  17  0:58  Probe (Chrono Boost)  
  18  1:05  Gateway  
  18  1:08  Probe (Chrono Boost)  
  19  1:19  Probe (Chrono Boost)  
  19  1:24  Cybernetics Core  
  20  1:29  Probe (Chrono Boost)  
  20  1:32  Pylon  
  22  1:40  Probe (Chrono Boost)  
  22  1:50  Probe (Chrono Boost)  
  23  2:01  Probe (Chrono Boost), Stalker x2  
  24  2:03  Warp Gate (Chrono Boost)  
  28  2:09  Pylon  
  28  2:15  Mothership Core  
  30  2:32  Stalker x2  
  34  3:02  Stalker x2  
  34  3:04  Pylon  
  38  3:24  Probe  
  39  3:27  Robotics Facility  
  39  3:35  Nexus  
  39  3:51  Stalker  
  39  3:52  Stalker  
  39  3:54  Probe (Chrono Boost)  
  44  4:05  Pylon  
  44  4:07  Probe (Chrono Boost)  
  45  4:18  Probe (Chrono Boost)  
  45  4:23  Observer  
  47  4:25  Twilight Council  
  47  4:28  Probe (Chrono Boost)  
  48  4:39  Sentry  
  48  4:40  Probe (Chrono Boost)  
  51  4:48  Pylon  
  51  4:49  Probe (Chrono Boost)  
  51  4:50  Probe (Chrono Boost)  
  53  4:54  Immortal (Chrono Boost)  
  58  5:00  Probe (Chrono Boost)  
  58  5:04  Charge  
  59  5:07  Probe (Chrono Boost)  
  59  5:10  Probe  
  60  5:18  Probe  
  61  5:22  Probe  
  62  5:30  Probe, Pylon  
  62  5:34  Probe  
  62  5:35  Phoenix  
  64  5:41  Observer (Chrono Boost)  
  65  5:43  Probe  
  65  5:44  Gateway  
  65  5:45  Gateway  
  65  5:46  Probe, Templar Archives  
  65  5:47  Gateway  
  67  5:53  Gateway  
  67  5:55  Probe  
  69  6:04  Assimilator  
  69  6:05  Assimilator  
  69  6:07  Probe  
  69  6:08  Probe  
  69  6:09  Warp Prism (Chrono Boost)  
  72  6:15  Gateway  
  72  6:19  Probe  
  72  6:20  Probe  
  72  6:24  Gateway  
  74  6:44  High Templar x2  
  78  6:49  Zealot x4, Pylon  
  78  6:50  Archon  
  78  6:52  Pylon  
  78  6:53  Pylon  
  86  6:57  Pylon x2  
  86  7:10  High Templar x2  
  86  7:11  Zealot x2  
  86  7:14  Zealot  
  86  7:15  Archon, Pylon  
  96  7:16  Pylon  
  96  7:18  Zealot  
  96  7:20  Zealot  
  92  7:31  Zealot  
  92  7:32  Zealot x2  
  88  7:37  Zealot  
  88  7:42  Zealot x2  
  82  7:48  Zealot  
  82  7:49  Zealot  
  78  7:53  Zealot x2  
  72  8:02  Zealot x3  
  74  8:07  Zealot  
  66  8:21  High Templar  
  66  8:22  High Templar x3  
  66  8:25  Zealot x3  
  66  8:26  Archon x2  
  80  8:28  Zealot  
  82  8:51  Zealot x2  
  82  8:52  Zealot x2  
  88  8:56  Zealot x3  
  88  8:57  Zealot  
  80  9:14  Zealot x4  
  72  9:28  Zealot x4  
  70  9:33  High Templar x2  
  70  9:35  Zealot x2  
  70  9:37  Archon  
  76  9:40  Immortal (Chrono Boost)  
  80  9:49  Zealot x2  
  80  9:52  Zealot  
  86  10:05  High Templar x4  
  86  10:06  Zealot  
  96  10:10  High Templar, Archon x2  
  96  10:11  High Templar  
  96  10:14  Zealot  
  102  10:15  Archon  
  102  10:31  Zealot  
  104  10:36  Zealot  
  104  10:40  Zealot x4  
  98  10:44  Zealot x2  
  88  10:52  Zealot  
  80  10:58  High Templar  
  80  11:02  High Templar x3  
  80  11:03  Zealot  
  88  11:06  Archon  
Tags
 
Add a new tag
Caveats
  • Supply blocks, unpowered buildings, or Contaminate may cause inaccurate times.
  • Supply counts are checked every 10 seconds.